 Dungeon Crawl Stone Soup version 0.19-a0-1168-g98094fc (webtiles) character file.

148311 TRIGGERED the Bludgeoner (level 16, 0/134 HPs)
             Began as a Mummy Berserker on Aug 13, 2016.
             Was the Champion of Trog.
             Slain by a jumping spider (10 damage)
             ... on level 3 of the Spider Nest on Aug 15, 2016.
             The game lasted 03:26:41 (48588 turns).

TRIGGERED the Bludgeoner (Mummy Berserker)         Turns: 48588, Time: 03:26:41

Health: 0/134      AC: 19    Str: 23    XL:     16   Next: 93%
Magic:  23/23      EV: 11    Int:  7    God:    Trog [******]
Gold:   2360       SH:  0    Dex: 11    Spells: 0 memorised, 15 levels left

rFire  . . .     SeeInvis +     a - +11 great mace of Zomini {flame, rElec rN+ MR+ Dex-4}
rCold  + . .     Gourm    .     m - +2 chain mail of Midsummer {rF+ SInv}
rNeg   + + +     Faith    +     (shield currently unavailable)
rPois  ∞         Spirit   .     E - +1 helmet
rElec  +         Dismiss  .     k - +2 cloak
rCorr  .         Reflect  .     v - +0 pair of gloves
MR     ++++.     Harm     .     (no boots)
Stlth  ..........               J - amulet of faith {!P}
                                D - +2 ring of evasion
                                C - ring of protection from magic

@: no status effects
A: no food or potions, fire vulnerability, cold resistance 1, negative energy
resistance 3, torment resistance, unbreathing, in touch with death 1
a: Trog's Hand, Brothers in Arms, Burn Spellbooks, Renounce Religion


You were on level 3 of the Spider Nest.
You worshipped Trog.
Trog was exalted by your worship.
You were not hungry.

You visited 4 branches of the dungeon, and saw 26 of its levels.
You also visited: Labyrinth.

You collected 2360 gold pieces.

Inventory:

Hand Weapons
 a - the +11 great mace of Zomini (weapon) {flame, rElec rN+ MR+ Dex-4}
   (Trog gifted it to you on level 12 of the Dungeon)

   It has been specially enchanted to burn those struck by it, causing extra
   injury to most foes and up to half again as much damage against particularly
   susceptible opponents.
   It affects your dexterity (-4).
   It insulates you from electricity.
   It protects you from negative energy.
   It affects your resistance to hostile enchantments.
 b - the +5 greatsling of Fee Simple {velocity, MR+ Int+3 Stlth+, PogChamp}
   (You found it on level 8 of the Dungeon)

   Any stone fired from it inflicts extra damage.
   It affects your intelligence (+3).
   It affects your resistance to hostile enchantments.
   It makes you more stealthy.
 c - a +1 antimagic great mace
 I - a +4 antimagic great mace
Missiles
 j - 16 curare-tipped needles
 t - 273 sling bullets
 H - 2 throwing nets (quivered) {!f}
Armour
 k - a +2 cloak (worn)
 m - the +2 chain mail of Midsummer (worn) {rF+ SInv}
   (You found it on level 10 of the Dungeon)

   It protects you from fire.
   It lets you see invisible.
 v - a +0 pair of gloves (worn)
 E - a +1 helmet (worn)
Rods
 l - a +2 rod of clouds (8/14) {!a}
   (You found it in a labyrinth)
Jewellery
 r - an uncursed ring of see invisible
 w - an uncursed amulet of regeneration
 C - a ring of protection from magic (left hand)
 D - a +2 ring of evasion (right hand)
 F - an uncursed ring of protection from cold
 J - an amulet of faith (around neck) {!P}
Wands
 o - a wand of iceblast (8/15)
 u - a wand of lightning (13/15)
 x - a wand of teleportation (3/9) {@v4}
 z - a wand of confusion (3/48)
 A - a wand of paralysis (15/24)
 G - a wand of iceblast (9/15)
 K - a wand of teleportation (4/9) {@v4}
 M - a wand of iceblast (7/15)
 N - a wand of iceblast (9/15)
 P - a wand of iceblast (11/15)
 Q - a wand of teleportation (5/9) {@v4}
 R - a wand of disintegration (14/24)
Scrolls
 d - 3 scrolls of enchant weapon
 e - 9 scrolls of teleportation {@r4}
 f - 2 scrolls of brand weapon
 h - 2 scrolls of magic mapping
 i - a scroll of identify {@r1}
 n - 7 scrolls of fog
 p - a scroll of fear
 q - a scroll of summoning
 s - 7 scrolls of remove curse {@r2}
 y - 2 scrolls of enchant armour
 B - 5 scrolls of recharging
 O - 3 scrolls of blinking
Miscellaneous
 g - a lamp of fire
 L - a phantom mirror


   Skills:
 - Level 14.8 Fighting
 - Level 18.6 Maces & Flails
 - Level 4.4 Slings
 - Level 6.1 Armour
 - Level 2.1 Dodging
 - Level 1.1 Stealth
 + Level 9.5 Evocations


You had 15 spell levels left.
You didn't know any spells.

Dungeon Overview and Level Annotations

Branches:
Dungeon (15/15)            Temple (0/1) D:6            Lair (6/6) D:9
 Shoals (0/4) Lair:3       Spider (3/4) Lair:2        Slime (0/5) Lair:6
    Orc (2/2) D:12            Elf (0/3) Orc:2        Vaults (0/5) D:13
 Depths (0/5) D:15

Altars:
Fedhas
Gozag
Hepliaklqana
Kikubaaqudgha
Uskayaw
Vehumet
Xom
Zin
The Shining One
Beogh
Jiyva

Shops:
D:12 (   Orc:2 ?:([

Annotations:
D:8 exclusion: downstairs
D:9 exclusions: downstairs and orange crystal statue
Lair:3 exclusion: 2 downstairs
Lair:5 exclusion: 2 downstairs
Lair:6 Akrasiac's ghost, journeyman HuAr


Innate Abilities, Weirdness & Mutations

You do not eat or drink.
Your flesh is vulnerable to fire.
You are immune to poison.
Your flesh is cold resistant. (rC+)
You are immune to negative energy. (rN+++)
You are immune to unholy pain and torment.
You can survive without breathing.
You are in touch with the powers of death.


Message History

The wolf spider bites you but does no damage.
The jumping spider pounces on you!
* * * LOW HITPOINT WARNING * * *
The jumping spider bites you.
* * * LOW HITPOINT WARNING * * *
The wolf spider is engulfed in freezing vapours.
You kill the wolf spider!
Trog accepts your kill.
The jumping spider leaps!
Unknown command.
Unknown command.
Okay, then.
Unknown command.
Unknown command.
Zapping:
A - a wand of paralysis (16/24)
Aim: a jumping spider (chance to defeat MR: 66%)
The jumping spider struggles to resist.
This wand has 15 charges left.
The jumping spider closely misses you. The jumping spider misses you.
The jumping spider pounces on you!
You die...

#......##..##...^##
####^...##.##.....##
##....####......#
#.)...#..###.^#^#
###.%.)##....######
#............#..######
#...........†.....#^.#
#.....§......s^##...###
##..#......^.@.#......#
#
####..#..##§§##......#
# #..#####§§...>....##
# #### #§§§....#....###
# ##§.....####.^.#
##..##.^####..## #
########.#....# #
#.....## ## # #.....^#
#.


You could see a jumping spider.

Vanquished Creatures
  Arachne (Spider:3)
  A fire giant (D:15)
  2 ghost moths
  An orc warlord (Orc:2)
  3 entropy weavers
  A spark wasp (Spider:3)
  A dire elephant (Lair:6)
  A minotaur (Lab)
  A fire dragon (D:15)
  2 vault guards (D:13)
  4 hydras
  Fannar (D:11)
  A catoblepas (Lair:6)
  A deep troll shaman (Lair:6)
  A centaur warrior (D:13)
  A queen ant (Lair:6)
  2 tengu warriors
  2 death yaks
  5 orc high priests (Orc:2)
  Urug (D:14)
  Sonja (D:14)
  10 skeletal warriors
  A death drake (shapeshifter) (D:13)
  4 wizards
  A lindwurm (Lair:6)
  5 hill giants
  A wolf spider zombie (D:12)
  2 orb spiders (Spider:2)
  A necromancer (D:13)
  4 orc knights
  2 griffons
  2 deep elf magi
  11 ugly things
  4 cyclopes
  5 orc sorcerers (Orc:2)
  24 wolf spiders
  2 hornets
  2 moths of wrath
  5 elephants
  2 manticores
  6 black mambas
  3 centaur zombies
  A gargoyle (D:15)
  A torpor snail (Spider:2)
  9 spiny frogs
  2 centaur skeletons
  8 demonic crawlers
  7 rime drakes
  A freezing wraith (D:14)
  6 komodo dragons
  2 tengu conjurers (D:13)
  25 jumping spiders
  4 giant leeches
  3 polar bears
  6 trolls
  5 two-headed ogres
  A wind drake (shapeshifter) (D:15)
  3 boulder beetles
  11 slime creatures
  31 blink frogs
  14 tarantellas
  3 wraiths
  41 yaks
  60 redbacks
  A shadow (D:14)
  A vampire (D:15)
  6 wyverns
  4 basilisks
  19 humans
  3 steam dragons
  4 vampire mosquitoes (D:13)
  2 hungry ghosts
  16 hippogriffs
  3 mottled dragons
  5 wargs
  15 soldier ants
  9 water moccasins
  9 porcupines
  52 orc warriors
  6 sky beasts
  2 eyes of draining
  3 necrophages
  2 ice beasts
  4 phantoms
  A wasp (D:15)
  9 wolves
  19 ogres
  5 black bears
  10 centaurs
  8 crocodiles
  2 big kobolds
  19 giant frogs
  A gnoll sergeant (D:5)
  A water moccasin zombie (D:6)
  6 scorpions
  4 killer bees
  10 wights
  2 electric eels (Lair:1)
  2 howler monkeys (D:6)
  2 giant frog zombies
  8 crimson imps
  2 quasits
  8 hounds
  6 giant frog skeletons
  7 jellies
  31 orc priests
  35 orc wizards
  A gnoll shaman (D:6)
  12 iguanas
  33 worker ants
  9 sheep
  3 hound zombies
  A hound skeleton (D:10)
  2 howler monkey zombies
  16 adders
  10 gnolls
  57 river rats
  3 shadow imps
  8 oozes
  3 adder skeletons (D:7)
  4 worms
  2 dart slugs
  7 giant geckos
  134 orcs
  11 bats
  6 giant cockroaches
  5 goblins
  9 hobgoblins
  14 jackals
  4 quokkas
  2 giant newts
  A jackal zombie (D:7)
  11 kobolds
  A quokka zombie (D:7)
  11 rats
  A plant (Lair:1)
1120 creatures vanquished.

Vanquished Creatures (collateral kills)
  Rupert (Lair:6)
  An orc warlord (Orc:2)
  An entropy weaver (Lair:6)
  Snorg (Orc:1)
  The ghost of PurpleRed the Cleaver, a journeyman HuBe of Trog (Orc:1)
  5 death yaks (Lair:6)
  An ugly thing (D:12)
  An orc knight (Orc:2)
  A wolf spider (Spider:1)
  An orc sorcerer (Orc:2)
  A demonic crawler (Spider:1)
  2 jumping spiders (Spider:1)
  3 redbacks
  4 yaks (Lair:6)
  A warg (Orc:2)
  A water moccasin (Lair:6)
  3 soldier ants (Lair:6)
  2 orc warriors (Orc:2)
  An ogre (Orc:2)
  An orc wizard (Orc:1)
  3 worker ants (Lair:6)
  A river rat (Lair:6)
  An orc (Orc:1)
  A plant (Lair:6)
39 creatures vanquished.

Vanquished Creatures (others)
  A jelly (D:5)
  An adder (D:5)
  2 jackals (D:5)
  A quokka (D:5)
  2 giant newts (D:5)
  27 fungi
  15 plants
49 creatures vanquished.

Grand Total: 1208 creatures vanquished

Notes
Turn   | Place    | Note
-------+----------+-------------------------------------------
     0 | D:1      | TRIGGERED the Mummy Berserker began the quest for the Orb.
     0 | D:1      | Reached XP level 1. HP: 18/18 MP: 1/1
   135 | D:1      | Reached XP level 2. HP: 21/24 MP: 2/2
   398 | D:1      | Reached ** piety under Trog
   596 | D:1      | You fall through a shaft!
   612 | D:2      | Reached XP level 3. HP: 19/29 MP: 3/3
  1163 | D:2      | Reached skill level 3 in Maces & Flails
  1255 | D:3      | Reached XP level 4. HP: 29/35 MP: 4/4
  2342 | D:3      | Reached XP level 5. HP: 40/42 MP: 5/5
  2507 | D:4      | Reached skill level 4 in Maces & Flails
  2798 | D:4      | Noticed a phantom
  2848 | D:4      | Killed a phantom
  2848 | D:4      | Reached skill level 1 in Stealth
  2848 | D:4      | Reached XP level 6. HP: 29/50 MP: 6/6
  2984 | D:4      | Found a hazy altar of Hepliaklqana.
  3188 | D:4      | Found a glowing golden altar of the Shining One.
  3188 | D:4      | Found a hide-covered altar of Uskayaw.
  3215 | D:5      | Entered Level 5 of the Dungeon
  3234 | D:5      | Reached skill level 5 in Fighting
  3464 | D:4      | Reached skill level 5 in Maces & Flails
  3510 | D:4      | Reached XP level 7. HP: 49/56 MP: 7/7
  3637 | D:4      | Reached *** piety under Trog
  3774 | D:5      | Found a blossoming altar of Fedhas.
  4715 | D:5      | Reached skill level 6 in Maces & Flails
  4939 | D:5      | Found a shimmering altar of Xom.
  5162 | D:6      | Reached XP level 8. HP: 56/64 MP: 8/8
  5570 | D:6      | Reached skill level 7 in Maces & Flails
  5627 | D:6      | Found an opulent altar of Gozag.
  5899 | D:6      | Found a staircase to the Ecumenical Temple.
  6115 | D:6      | Reached **** piety under Trog
  6502 | D:7      | Reached skill level 8 in Maces & Flails
  6676 | D:7      | Found a radiant altar of Vehumet.
  6718 | D:7      | Reached XP level 9. HP: 51/72 MP: 9/9
  8052 | D:6      | HP: 6/74 [gnoll/spear of piercing (5)]
  8431 | D:7      | Reached skill level 9 in Maces & Flails
  9324 | D:6      | HP: 5/74 [orc warrior/glaive (7)]
 10073 | D:8      | Got a polished greatsling
 10074 | D:8      | Identified the +5 greatsling of Fee Simple {velocity, MR+ Int+3 Stlth+} (You found it on level 8 of the Dungeon)
 11210 | D:9      | Found a staircase to the Lair.
 11348 | D:8      | Reached XP level 10. HP: 73/82 MP: 10/10
 11402 | D:9      | Reached skill level 1 in Slings
 11412 | D:9      | Identified the Incunabulum of the Mutagenic Oath
 11424 | D:9      | You fall through a shaft for 2 floors!
 11451 | D:10     | Entered Level 10 of the Dungeon
 11852 | D:9      | Noticed an orange crystal statue
 11886 | D:9      | Reached skill level 10 in Maces & Flails
 11921 | Lair:1   | Entered Level 1 of the Lair of Beasts
 11922 | Lair:1   | Upgraded the game from 0.19-a0-1153-g63c3caf to 0.19-a0-1168-g98094fc
 11943 | Lair:1   | Noticed a black mamba
 11946 | Lair:1   | Noticed a spiny frog
 12245 | Lair:1   | Noticed a spiny frog
 12256 | Lair:1   | Noticed a spiny frog
 12269 | Lair:1   | Killed a spiny frog
 12548 | Lair:2   | Found a frozen archway.
 13266 | Lair:6   | Entered Level 6 of the Lair of Beasts
 13271 | Lair:6   | Noticed Akrasiac's ghost (journeyman HuAr)
 13530 | Lair:2   | Found a hole to the Spider Nest.
 13562 | Lair:1   | Killed a spiny frog
 13629 | Lair:1   | Killed a black mamba
 14930 | D:9      | Reached skill level 11 in Maces & Flails
 15423 | D:10     | Noticed a hill giant
 15424 | D:10     | Reached XP level 11. HP: 87/90 MP: 11/11
 15606 | D:10     | Got a jasper-studded chain mail
 15607 | D:10     | Identified the +2 chain mail of Midsummer {rF+ SInv} (You found it on level 10 of the Dungeon)
 15699 | D:9      | Reached skill level 10 in Fighting
 17029 | D:11     | Identified 3 scrolls of acquirement
 17060 | D:11     | Noticed a green ugly thing
 17581 | D:11     | Found a glowing silver altar of Zin.
 17581 | D:11     | Noticed a hill giant
 18578 | Lair:1   | Reached skill level 12 in Maces & Flails
 19145 | Lair:1   | Received a gift from Trog
 20122 | Lair:2   | Reached XP level 12. HP: 100/100 MP: 12/12
 20642 | Lair:3   | Reached skill level 13 in Maces & Flails
 20693 | Lair:3   | Got an ancient iron amulet
 20941 | Lair:3   | Found a staircase to the Shoals.
 21213 | Lair:3   | Identified the amulet of the Pariah {Harm *Drain Slay+2} (You found it on level 3 of the Lair of Beasts)
 21345 | Lair:2   | Reached ***** piety under Trog
 21849 | Lair:4   | Received a gift from Trog
 22098 | Lair:4   | Identified a +1 rod of ignition (13/13) (You found it on level 4 of the Lair of Beasts)
 22240 | Lair:4   | Reached skill level 14 in Maces & Flails
 22742 | Lair:4   | Noticed a seven-headed hydra
 22879 | Lair:4   | Killed a seven-headed hydra
 23221 | Lair:5   | Received a gift from Trog
 23349 | Lair:5   | Noticed a six-headed hydra
 23356 | Lair:5   | Killed a six-headed hydra
 23399 | Lair:5   | Gained mutation: You are in touch with the powers of death. [Mummy growth]
 23399 | Lair:5   | Reached XP level 13. HP: 109/109 MP: 13/13
 23679 | Lair:5   | Found an ancient bone altar of Kikubaaqudgha.
 24667 | Lair:6   | Noticed an entropy weaver
 24783 | Lair:5   | Received a gift from Trog
 24884 | Lair:6   | Noticed an entropy weaver
 25068 | Lair:6   | Noticed Rupert
 25080 | Lair:6   | Killed Rupert
 25096 | Lair:6   | Killed an entropy weaver
 25738 | Lair:6   | Killed an entropy weaver
 26687 | Lair:6   | Found a staircase to the Slime Pits.
 26687 | Lair:6   | Found a viscous altar of Jiyva.
 27004 | Lair:6   | Reached skill level 15 in Maces & Flails
 27461 | Lair:6   | Reached XP level 14. HP: 71/120 MP: 14/14
 27584 | Lair:6   | Reached skill level 5 in Armour
 28553 | D:12     | Found Xeammaz's Weapon Shop.
 28553 | D:12     | Noticed Fannar
 28739 | D:11     | Received a gift from Trog
 28772 | D:11     | Killed Fannar
 28801 | D:12     | Found a labyrinth entrance.
 28810 | Lab      | Entered a labyrinth
 29114 | Lab      | game plz
 29127 | Lab      | Identified a +2 rod of clouds (14/14) (You found it in a labyrinth)
 29162 | D:12     | Found a staircase to the Orcish Mines.
 29400 | D:11     | Received a gift from Trog
 30651 | Orc:1    | Entered Level 1 of the Orcish Mines
 30706 | Orc:1    | Noticed PurpleRed's ghost (journeyman HuBe)
 31014 | D:12     | Received a gift from Trog
 31015 | D:12     | Got a faintly glowing great mace {god gift}
 31024 | D:12     | Identified the +11 great mace of Zomini {flame, rElec rN+ MR+ Dex-4} (Trog gifted it to you on level 12 of the Dungeon)
 31309 | Orc:1    | Killed PurpleRed's ghost
 31643 | Orc:1    | Found a shimmering altar of Xom.
 31760 | Orc:1    | Noticed Snorg
 31808 | Orc:1    | Killed Snorg
 31939 | Orc:2    | Entered Level 2 of the Orcish Mines
 32533 | Orc:2    | Received a gift from Trog
 32724 | Orc:2    | Found a staircase to the Elven Halls.
 32810 | Orc:2    | Identified the Incunabulum of Torrid Dislocation
 32883 | Orc:2    | Received a gift from Trog
 33327 | Orc:2    | Noticed an orc warlord
 33376 | Orc:2    | Killed an orc warlord
 33376 | Orc:2    | Reached skill level 16 in Maces & Flails
 33378 | Orc:2    | Received a gift from Trog
 33572 | Orc:2    | Found a roughly hewn altar of Beogh.
 33702 | Orc:2    | Found Wotunteqa's Magic Scroll Boutique.
 34077 | Orc:2    | Reached ****** piety under Trog
 34086 | Orc:2    | Found Qegolecs's Book Shop.
 34156 | Orc:2    | Received a gift from Trog
 34343 | Orc:2    | Found a roughly hewn altar of Beogh.
 34381 | Orc:2    | Noticed an orc warlord
 34383 | Orc:2    | Killed an orc warlord
 34845 | Orc:2    | Found Lisku's Armour Emporium.
 34848 | Orc:2    | Found Isitho Icwi's Weapon Shoppe.
 35174 | Orc:2    | Reached XP level 15. HP: 110/127 MP: 15/15
 35965 | D:13     | Received a gift from Trog
 36523 | D:13     | Received a gift from Trog
 36523 | D:13     | Reached skill level 17 in Maces & Flails
 38636 | D:13     | Received a gift from Trog
 38710 | D:13     | Found a gate to the Vaults.
 38830 | D:14     | Identified the Disquisition on Congealing Stones
 38971 | D:14     | Noticed Urug
 38971 | D:14     | Noticed Sonja
 38974 | D:14     | Killed Sonja
 38983 | D:14     | Killed Urug
 39042 | D:14     | Reached skill level 18 in Maces & Flails
 39059 | D:14     | Got a dazzling ring mail
 39061 | D:14     | Identified the cursed +0 ring mail of Vanity {rF+ rC+ rCorr Dex-3} (You found it on level 14 of the Dungeon)
 39880 | D:15     | Entered Level 15 of the Dungeon
 40066 | D:15     | Found a staircase to the Depths.
 40067 | D:15     | Noticed a fire giant
 40084 | D:15     | Killed a fire giant
 41532 | Spider:1 | Entered Level 1 of the Spider Nest
 41532 | Spider:1 | Noticed a ghost moth
 41543 | Spider:1 | Killed a ghost moth
 41543 | Spider:1 | Reached XP level 16. HP: 111/134 MP: 9/16
 41545 | Spider:1 | Received a gift from Trog
 41545 | Spider:1 | Reached skill level 1 in Evocations
 41955 | Spider:1 | Received a gift from Trog
 44396 | Spider:1 | Reached skill level 5 in Evocations
 45234 | Spider:2 | Received a gift from Trog
 45747 | Spider:2 | Received a gift from Trog
 47728 | Spider:3 | Received a gift from Trog
 47996 | Spider:3 | Noticed Arachne
 48164 | Spider:3 | Killed Arachne
 48588 | Spider:3 | Slain by a jumping spider

Vault maps used:
D:1:      lemuel_arrival_behind_the_door_large
D:2:      first_bread, kennysheep_nub
D:3:      glass_columns_b, kennysheep_doodads
D:4:      lemuel_doored_altar, gammafunk_temple_overflow_pools,
          kennysheep_generic_room_8
D:5:      lemuel_crystal_altar, xom_confusion_cloud
D:6:      grunt_gozag_statues, gup_sewer_entry_spiral, st_stairs_12,
          minivault_19
D:7:      kennysheep_mini_moat
D:9:      minmay_statue_hallways, lair_0_dummy, hangedman_little_slice_of_home,
          minivault_20
D:11:     serial_glass, glass_columns_b, glass_columns_a, glass_columns_a,
          glass_columns_b, glass_columns_c, glass_columns_a, glass_columns_a,
          glass_columns_b, glass_columns_a, glass_columns_a, glass_columns_a,
          glass_columns_b, glass_columns_a, glass_columns_a, basic_altar
D:12:     orc_david_3, lab_entry_generic, uniq_fannar
D:13:     grunt_vaults_entry_tiered, kennysheep_another_room
D:14:     hangedman_decor_peaks_small, uniq_urug, uniq_sonja
D:15:     grunt_enter_depths_giant_problem, serial_bayou_pond_e
Lair:1:   enter_volcano_2, lemuel_fruit_tree
Lair:2:   spider_nest_entry_web_field, portal_ice_cave_rime, st_stairs_9
Lair:3:   minmay_shoals_entry_beasts, grunt_megastairs_5
Lair:5:   small_statue_intersection, lemuel_altar_in_water2
Lair:6:   grunt_lair_end_beastmaster, slime_altar_1, zaba_anthell, uniq_rupert
Spider:2: nicolae_spider_hall_of_the_moth_king, hangedman_stitches_earthworm
Spider:3: uniq_arachne
Orc:1:    basic_altar, uniq_snorg
Orc:2:    pubby_orc_utopia

Skill      XL: |  1  2  3  4  5  6  7  8  9 10 11 12 13 14 15 16 |
---------------+-------------------------------------------------+-----
Dodging        | 2 |  2.1
Armour         | 2 4 5 6 |  6.1
Maces & Flails | 3 4 5 6 8 9 11 12 14 15 16 18 | 18.6
Fighting       | 4 5 6 7 8 9 11 12 14 | 14.8
Stealth        | 1 |  1.1
Slings         | 3 4 |  4.4
Evocations     | 9 |  9.5

Action                   |  1- 3 |  4- 6 |  7- 9 | 10-12 | 13-15 | 16-18 || total
-------------------------+-------+-------+-------+-------+-------+-------++-------
Melee: Mace              |   127 |    65 |       |       |       |       ||   192
       Flail             |       |    91 |   693 |   297 |       |       ||  1081
       Morningstar       |       |       |       |   404 |   783 |       ||  1187
       Great mace        |       |       |       |       |   856 |   484 ||  1340
 Fire: Greatsling        |       |       |    15 |   390 |   237 |       ||   642
Throw: Stone             |       |       |       |       |     7 |       ||     7
Invok: Trog's Hand       |       |     2 |     3 |    12 |    11 |     2 ||    30
       Burn Spellbooks   |       |       |       |     3 |     1 |       ||     4
       Brothers in Arms  |       |       |       |       |    14 |     1 ||    15
Evoke: Wand              |       |       |       |    45 |     6 |    15 ||    66
       Lamp of fire      |       |       |       |     2 |     1 |       ||     3
       Rod               |       |       |       |       |     1 |     9 ||    10
  Use: Scroll            |       |       |    11 |    17 |    13 |     4 ||    45
 Stab: Confused          |       |       |       |     1 |       |     3 ||     4
       Distracted        |       |       |       |       |     1 |       ||     1
       Held in net/web   |       |       |       |       |       |     1 ||     1
Armor: Ring mail         |    62 |    54 |     5 |       |       |       ||   121
       Scale mail        |       |       |   247 |       |       |       ||   247
       Plate armour      |       |       |    91 |   243 |       |       ||   334
       Chain mail        |       |       |       |   204 |   814 |   390 ||  1408
Dodge: Dodged            |    87 |    90 |   442 |   318 |   755 |   304 ||  1996
Block: Buckler           |       |       |       |    61 |   153 |       ||   214
